| TOP OF THE 1ST |
|
University of South Carolina Gamecocks batting - Pitching for Fresno State University Bulldogs : RHP Eric Wallace
|
|
Pitching: RHP Eric Wallace
|
|
|
Batting: RHB Justin Kurutz
|
0-0: Ball 1-0: Ball 2-0: Ball 3-0: Base on Balls
|
|
Batting: RHB Brian Passalacqua
|
0-0: Ball 1-0: Called Strike 1-1: Ball 2-1: Ball 3-1: Called Strike 3-2: Strikes out looking Justin Kurutz steals 2nd base Batter strikes out.
|
|
Batting: SHB Keith Mihas
|
0-0: Ball 1-0: Foul Ball, location: 2F 1-1: Foul Ball, location: 2F 1-2: Ball 2-2: Ground out U3 (Groundball, 3L, EV 98.8 MPH) Justin Kurutz to third
|
|
Batting: LHB Chris McNay
|
0-0: Called Strike 0-1: Foul Ball, location: 2F 0-2: Ball 1-2: Ball 2-2: SINGLE (Flyball, 3D, EV 92.5 MPH) Justin Kurutz scores
|
|
Batting: RHB Lance Neldon
|
0-0: Ball 1-0: Foul Ball, location: 2F 1-1: Fly out, F4 (Line Drive, 4, EV 65.6 MPH)
|
| Top of the 1st over - 1 run, 1 hit, 0 errors, 1 left on base; University of South Carolina 1 - Fresno State University 0 |
| BOTTOM OF THE 1ST |
|
Fresno State University Bulldogs batting - Pitching for University of South Carolina Gamecocks : RHP Sammy Armstrong
|
|
Pitching: RHP Sammy Armstrong
|
|
|
Batting: RHB Sinfronio Carreon
|
0-0: Ground out 3-1 (Groundball, 34, EV 90.0 MPH)
|
|
Batting: LHB Ollie Strauss
|
0-0: Foul Ball, location: 2F 0-1: Fly out, F8 (Flyball, 8RS, EV 83.1 MPH)
|
|
Batting: RHB Sandy Munoz
|
0-0: Ball 1-0: Fly out, F8 (Line Drive, 8LM, EV 98.8 MPH)
|
| Bottom of the 1st over - 0 runs, 0 hits, 0 errors, 0 left on base; University of South Carolina 1 - Fresno State University 0 |
| TOP OF THE 2ND |
|
University of South Carolina Gamecocks batting - Pitching for Fresno State University Bulldogs : RHP Eric Wallace
|
|
Batting: LHB Jörg Young
|
0-0: Called Strike 0-1: Foul Ball, location: 2F 0-2: Ground out 4-3 (Groundball, 4, EV 102.5 MPH)
|
|
Batting: RHB Jeff Swanson
|
0-0: Called Strike 0-1: Foul Ball, location: 2F 0-2: Strikes out swinging, 2-3 out at first.
|
|
Batting: RHB Ben Turner
|
0-0: Called Strike 0-1: Foul Ball, location: 2F 0-2: Fly out, F8 (Flyball, 8RXD, EV 97.5 MPH)
|
| Top of the 2nd over - 0 runs, 0 hits, 0 errors, 0 left on base; University of South Carolina 1 - Fresno State University 0 |
| BOTTOM OF THE 2ND |
|
Fresno State University Bulldogs batting - Pitching for University of South Carolina Gamecocks : RHP Sammy Armstrong
|
|
Batting: RHB Danilo Baldia
|
0-0: Ball 1-0: Called Strike 1-1: Called Strike 1-2: Ball 2-2: Ball 3-2: Foul Ball, location: 2F 3-2: Foul Ball, location: 2F 3-2: Fly out, F2 (Popup, 2RF, EV 91.2 MPH)
|
|
Batting: LHB Brad Benanti
|
0-0: Called Strike 0-1: Swinging Strike 0-2: Ball 1-2: Ball 2-2: Strikes out swinging
|
|
Batting: RHB Tony Nowak
|
0-0: Ball 1-0: Foul Ball, location: 2F 1-1: Foul Ball, location: 2F 1-2: Foul Ball, location: 2F 1-2: Fly out, F9 (Flyball, 89D, EV 90.0 MPH)
|
| Bottom of the 2nd over - 0 runs, 0 hits, 0 errors, 0 left on base; University of South Carolina 1 - Fresno State University 0 |
| TOP OF THE 3RD |
|
University of South Carolina Gamecocks batting - Pitching for Fresno State University Bulldogs : RHP Eric Wallace
|
|
Batting: RHB Danny Narvaez
|
0-0: Called Strike 0-1: Swinging Strike 0-2: Foul Ball, location: 2F 0-2: Ball 1-2: Ground out 5-3 (Groundball, 56S, EV 68.8 MPH)
|
|
Batting: RHB Justin Kurutz
|
0-0: Called Strike 0-1: Hit by Pitch
|
|
Batting: RHB Brian Passalacqua
|
0-0: Ball 1-0: Ball 2-0: Ball 3-0: Base on Balls Justin Kurutz to second
|
|
Batting: SHB Keith Mihas
|
0-0: Called Strike 0-1: Ball 1-1: Swinging Strike 1-2: Foul Ball, location: 2F 1-2: Ball 2-2: Ball 3-2: Base on Balls Justin Kurutz to third Brian Passalacqua to second
|
|
Batting: LHB Chris McNay
|
0-0: Called Strike 0-1: Grounds out, U3 (Groundball, 3L, EV 90.0 MPH) Justin Kurutz scores Brian Passalacqua to third
|
|
Batting: RHB Lance Neldon
|
0-0: Ground out U3 (Groundball, 34S, EV 85.6 MPH)
|
| Top of the 3rd over - 1 run, 0 hits, 0 errors, 2 left on base; University of South Carolina 2 - Fresno State University 0 |
| BOTTOM OF THE 3RD |
|
Fresno State University Bulldogs batting - Pitching for University of South Carolina Gamecocks : RHP Sammy Armstrong
|
|
Batting: RHB Charles Shaw
|
0-0: Ball 1-0: Fly out, F8 (Flyball, 8RM, EV 96.2 MPH)
|
|
Batting: RHB Greg Meyer
|
0-0: Ball 1-0: Ball 2-0: Ball 3-0: Base on Balls
|
|
Batting: SHB Gary Christianson
|
0-0: Called Strike 0-1: Swinging Strike 0-2: Fielders Choice at 2nd, 1-6 (Groundball, 13S, EV 76.2 MPH)
|
|
Batting: RHB Sinfronio Carreon
|
0-0: Ball 1-0: Foul Ball, location: 2F 1-1: Ground out 4-3 (Groundball, 34, EV 101.2 MPH)
|
| Bottom of the 3rd over - 0 runs, 0 hits, 0 errors, 1 left on base; University of South Carolina 2 - Fresno State University 0 |
| TOP OF THE 4TH |
|
University of South Carolina Gamecocks batting - Pitching for Fresno State University Bulldogs : RHP Eric Wallace
|
|
Batting: LHB Jörg Young
|
0-0: Ball 1-0: Swinging Strike 1-1: Foul Ball, location: 2F 1-2: Ball 2-2: Strikes out swinging
|
|
Batting: RHB Jeff Swanson
|
0-0: Hit by Pitch
|
|
Batting: RHB Ben Turner
|
0-0: Called Strike 0-1: Ball 1-1: Ball 2-1: Ball 3-1: Base on Balls Jeff Swanson to second
|
|
Batting: RHB Danny Narvaez
|
0-0: Ball 1-0: Called Strike 1-1: Grounds into double play, 6-4-3 (Groundball, 56, EV 106.9 MPH)
|
| Top of the 4th over - 0 runs, 0 hits, 0 errors, 1 left on base; University of South Carolina 2 - Fresno State University 0 |
| BOTTOM OF THE 4TH |
|
Fresno State University Bulldogs batting - Pitching for University of South Carolina Gamecocks : RHP Sammy Armstrong
|
|
Batting: LHB Ollie Strauss
|
0-0: Foul Ball, location: 2F 0-1: Called Strike 0-2: Ball 1-2: Ball 2-2: Ball 3-2: SINGLE (Line Drive, 6MD, EV 95.0 MPH)
|
|
Batting: RHB Sandy Munoz
|
0-0: Fly out, F5 (Popup, 6S, EV 80.0 MPH)
|
|
Batting: RHB Danilo Baldia
|
0-0: Ball Ollie Strauss steals 2nd base 1-0: Swinging Strike 1-1: Hit by Pitch
|
|
Pinch Runner at 1st John Chapman:
|
|
|
Batting: LHB Brad Benanti
|
0-0: Called Strike 0-1: Ball 1-1: Called Strike 1-2: Foul Ball, location: 2F 1-2: Fly out, F7 (Flyball, 7LS, EV 90.0 MPH)
|
|
Batting: RHB Tony Nowak
|
0-0: Called Strike 0-1: Ball 1-1: Ball 2-1: DOUBLE (Line Drive, 9LM, EV 92.5 MPH) Ollie Strauss scores John Chapman to third Runner from 3rd tries for Home, SAFE, no throw by RF
|
|
Batting: RHB Charles Shaw
|
0-0: Ball 1-0: Ground out 3-1 (Groundball, 34, EV 79.4 MPH)
|
| Bottom of the 4th over - 2 runs, 2 hits, 0 errors, 1 left on base; University of South Carolina 2 - Fresno State University 2 |
| TOP OF THE 5TH |
|
University of South Carolina Gamecocks batting - Pitching for Fresno State University Bulldogs : RHP Eric Wallace
|
|
Now at 2B: Greg Meyer
|
|
|
Now at 3B: John Chapman
|
|
|
Batting: RHB Justin Kurutz
|
0-0: Fly out, F9 (Flyball, 9S, EV 88.1 MPH)
|
|
Batting: RHB Brian Passalacqua
|
0-0: Called Strike 0-1: SOLO HOME RUN (Flyball, 89XD, EV 102.5 MPH), Distance : 389 ft
|
|
Batting: SHB Keith Mihas
|
0-0: Ball 1-0: DOUBLE (Line Drive, 78M, EV 97.5 MPH)
|
|
Batting: LHB Chris McNay
|
0-0: Foul Ball, location: 2F 0-1: Ground out 4-3 (Groundball, 34, EV 108.8 MPH) Keith Mihas to third
|
|
Batting: RHB Lance Neldon
|
0-0: Ball 1-0: Fly out, F9 (Flyball, 9D, EV 85.6 MPH)
|
| Top of the 5th over - 1 run, 2 hits, 0 errors, 1 left on base; University of South Carolina 3 - Fresno State University 2 |
| BOTTOM OF THE 5TH |
|
Fresno State University Bulldogs batting - Pitching for University of South Carolina Gamecocks : RHP Sammy Armstrong
|
|
Batting: RHB Greg Meyer
|
0-0: Called Strike 0-1: Ball 1-1: Called Strike 1-2: Strikes out looking
|
|
Batting: SHB Gary Christianson
|
0-0: Foul Ball, location: 2F 0-1: Ball 1-1: Ball 2-1: Foul Ball, location: 2F 2-2: Ball 3-2: Base on Balls
|
|
Batting: RHB Sinfronio Carreon
|
0-0: Ball 1-0: SINGLE (Line Drive, 89S, EV 85.6 MPH) Gary Christianson to second Runner from 2nd tries for 3rd, SAFE, no throw by RF
|
|
Batting: LHB Ollie Strauss
|
0-0: DOUBLE (Line Drive, 78D, EV 100.6 MPH) Gary Christianson scores Sinfronio Carreon to third Runner from 3rd tries for Home, SAFE, throw by LF to trailing runner, SAFE at third!
|
|
Batting: RHB Sandy Munoz
|
0-0: Called Strike 0-1: Ball 1-1: Foul Ball, location: 2F 1-2: Ball 2-2: Strikes out swinging, 2-3 out at first.
|
|
Batting: RHB John Chapman
|
0-0: Ball 1-0: Called Strike 1-1: Foul Ball, location: 2F 1-2: Ball 2-2: Strikes out looking
|
| Bottom of the 5th over - 2 runs, 2 hits, 0 errors, 1 left on base; University of South Carolina 3 - Fresno State University 4 |
| TOP OF THE 6TH |
|
University of South Carolina Gamecocks batting - Pitching for Fresno State University Bulldogs : RHP Eric Wallace
|
|
Batting: LHB Jörg Young
|
0-0: Ball 1-0: SINGLE (Line Drive, 34, EV 100.0 MPH)
|
|
Batting: RHB Jeff Swanson
|
0-0: Swinging Strike 0-1: Called Strike 0-2: Ball 1-2: Ball 2-2: Ball 3-2: Ground out 2-3 (Groundball, 15S, EV 69.4 MPH) Jörg Young to second
|
|
Pitching: RHP Alex Gutierrez
|
|
|
Pinch Hitting: LHB Bert Webster
|
0-0: Called Strike 0-1: Ball 1-1: Ball 2-1: Foul Ball, location: 2F 2-2: Foul Ball, location: 2F 2-2: Foul Ball, location: 2F 2-2: Foul Ball, location: 2F 2-2: Ground out 4-3 (Groundball, 4, EV 100.6 MPH) Jörg Young to third
|
|
Pinch Hitting: LHB David Saltzman
|
0-0: Foul Ball, location: 2F 0-1: Ball 1-1: Foul Ball, location: 2F 1-2: Ball 2-2: Foul Ball, location: 2F 2-2: Fly out, F4 (Line Drive, 4M, EV 65.6 MPH)
|
| Top of the 6th over - 0 runs, 1 hit, 0 errors, 1 left on base; University of South Carolina 3 - Fresno State University 4 |
| BOTTOM OF THE 6TH |
|
Fresno State University Bulldogs batting - Pitching for University of South Carolina Gamecocks : RHP Sammy Armstrong
|
|
Now at 2B: Bert Webster
|
|
|
Now at SS: Keith Lynch
|
|
|
Batting: LHB Brad Benanti
|
0-0: Foul Ball, location: 2F 0-1: Ball 1-1: Hit by Pitch
|
|
Pitching: RHP Trent Lipinski
|
|
|
Batting: RHB Tony Nowak
|
0-0: Ball 1-0: Reached on error, E1 (Groundball, 13, EV 43.8 MPH) Brad Benanti to third
|
|
Batting: RHB Charles Shaw
|
Balk! Brad Benanti scores Tony Nowak to third 0-0: Called Strike 0-1: Fly out, F8 (Flyball, 8LXD, EV 91.2 MPH) Runner from 3rd tags up, SCORES, no throw by CF
|
|
Batting: RHB Greg Meyer
|
0-0: Swinging Strike 0-1: Foul Ball, location: 2F 0-2: Ground out 4-3 (Groundball, 34, EV 88.1 MPH)
|
|
Batting: SHB Gary Christianson
|
0-0: SINGLE (Groundball, 34D, EV 105.0 MPH)
|
|
Batting: RHB Sinfronio Carreon
|
0-0: Ball 1-0: Ball 2-0: Ball 3-0: Called Strike 3-1: Fly out, F8 (Line Drive, 8RM, EV 95.6 MPH)
|
| Bottom of the 6th over - 2 runs, 1 hit, 1 error, 1 left on base; University of South Carolina 3 - Fresno State University 6 |
| TOP OF THE 7TH |
|
University of South Carolina Gamecocks batting - Pitching for Fresno State University Bulldogs : RHP Alex Gutierrez
|
|
Pitching: RHP Andy Dozier
|
|
|
Batting: RHB Justin Kurutz
|
0-0: Ball 1-0: Called Strike 1-1: Ball 2-1: Ball 3-1: Foul Ball, location: 2F 3-2: Base on Balls
|
|
Batting: RHB Brian Passalacqua
|
0-0: Ball 1-0: Called Strike 1-1: Called Strike 1-2: Ball 2-2: Ball 3-2: Strikes out swinging
|
|
Batting: SHB Keith Mihas
|
0-0: Foul Ball, location: 2F 0-1: Grounds into double play, 1-4-3 (Groundball, 15S, EV 69.4 MPH)
|
| Top of the 7th over - 0 runs, 0 hits, 0 errors, 0 left on base; University of South Carolina 3 - Fresno State University 6 |
| BOTTOM OF THE 7TH |
|
Fresno State University Bulldogs batting - Pitching for University of South Carolina Gamecocks : RHP Trent Lipinski
|
|
Pitching: RHP Scott Arthur
|
|
|
Batting: LHB Ollie Strauss
|
0-0: Ball 1-0: Ball 2-0: Ground out 6-3 (Groundball, 6, EV 107.5 MPH)
|
|
Batting: RHB Sandy Munoz
|
0-0: Called Strike 0-1: Ball 1-1: Called Strike 1-2: SINGLE (Line Drive, 89M, EV 90.0 MPH)
|
|
Batting: RHB John Chapman
|
0-0: DOUBLE (Line Drive, 9LD, EV 108.1 MPH) Sandy Munoz to third
|
|
Batting: LHB Brad Benanti
|
0-0: Ball 1-0: Swinging Strike 1-1: Foul Ball, location: 2F 1-2: Strikes out swinging
|
|
Batting: RHB Tony Nowak
|
0-0: Called Strike 0-1: Ball 1-1: Foul Ball, location: 2F 1-2: SINGLE (Flyball, 8RM, EV 97.5 MPH) Sandy Munoz scores John Chapman to third Runner from 3rd tries for Home, SAFE, throw by CF to home
|
|
Batting: RHB Charles Shaw
|
0-0: Ball 1-0: Called Strike 1-1: SINGLE (Line Drive, 7S, EV 98.1 MPH) Tony Nowak to second Runner from 2nd tries for 3rd, SAFE, throw by LF made to third
|
|
Batting: RHB Greg Meyer
|
0-0: Swinging Strike 0-1: Ball 1-1: Called Strike 1-2: Foul Ball, location: 2F 1-2: Strikes out looking
|
| Bottom of the 7th over - 2 runs, 4 hits, 0 errors, 2 left on base; University of South Carolina 3 - Fresno State University 8 |
| TOP OF THE 8TH |
|
University of South Carolina Gamecocks batting - Pitching for Fresno State University Bulldogs : RHP Andy Dozier
|
|
Batting: LHB Chris McNay
|
0-0: Ball 1-0: Ball 2-0: Called Strike 2-1: Ball 3-1: Foul Ball, location: 2F 3-2: SOLO HOME RUN (Flyball, 7LD, EV 91.2 MPH), Distance : 339 ft
|
|
Batting: RHB Lance Neldon
|
0-0: Called Strike 0-1: Swinging Strike 0-2: Ball 1-2: Ball 2-2: Foul Ball, location: 2F 2-2: Ball 3-2: Ground out 6-3 (Groundball, 56D, EV 91.2 MPH)
|
|
Batting: LHB Jörg Young
|
0-0: Fly out, F8 (Flyball, 78M, EV 83.1 MPH)
|
|
Pitching: RHP Brian Travaglio
|
|
|
Batting: RHB Jeff Swanson
|
0-0: Ball 1-0: Called Strike 1-1: Ball 2-1: Foul Ball, location: 2F 2-2: Strikes out looking
|
| Top of the 8th over - 1 run, 1 hit, 0 errors, 0 left on base; University of South Carolina 4 - Fresno State University 8 |
| BOTTOM OF THE 8TH |
|
Fresno State University Bulldogs batting - Pitching for University of South Carolina Gamecocks : RHP Scott Arthur
|
|
Pitching: LHP Cris Duran
|
|
|
Batting: SHB Gary Christianson
|
0-0: Ball 1-0: Called Strike 1-1: Swinging Strike 1-2: Strikes out looking
|
|
Batting: RHB Sinfronio Carreon
|
0-0: Ball 1-0: Called Strike 1-1: Foul Ball, location: 2F 1-2: Ground out 6-3 (Groundball, 6, EV 85.0 MPH)
|
|
Batting: LHB Ollie Strauss
|
0-0: Fly out, F7 (Flyball, 7S, EV 88.8 MPH)
|
| Bottom of the 8th over - 0 runs, 0 hits, 0 errors, 0 left on base; University of South Carolina 4 - Fresno State University 8 |
| TOP OF THE 9TH |
|
University of South Carolina Gamecocks batting - Pitching for Fresno State University Bulldogs : RHP Brian Travaglio
|
|
Pitching: RHP Antonio Levario
|
|
|
Batting: LHB Bert Webster
|
0-0: Ball 1-0: Foul Ball, location: 2F 1-1: Ball 2-1: Foul Ball, location: 2F 2-2: Foul Ball, location: 2F 2-2: Ground out 4-3 (Groundball, 34D, EV 101.9 MPH)
|
|
Batting: RHB Keith Lynch
|
0-0: Called Strike 0-1: Called Strike 0-2: Ground out U3 (Groundball, 34, EV 88.1 MPH)
|
|
Batting: RHB Justin Kurutz
|
0-0: Called Strike 0-1: Ball 1-1: Foul Ball, location: 2F 1-2: Ball 2-2: Strikes out swinging
|
| Top of the 9th over - 0 runs, 0 hits, 0 errors, 0 left on base; University of South Carolina 4 - Fresno State University 8 |
|